cohdb
Replays
Latest Replays
All Replays
Popular Replays
Top Player Replays
Match Explorer
How It Works
Community
CoH3 Stats
Reddit
Sign in to upload your games and track your stats! →
Sign in with Steam
Match 40904258
Unlisted
Match 40904258
Overview
Messages
Build Orders
End
Panzergrenadier Squad
Panzerpioneer Squad
Construct Light Support Kompanie
Assault Grenadier Squad
Fire Support Elements
Selects Armored Support Battlegroup
Selects Veteran Gunners
Assault Grenadier Squad
Panzerjäger Mechanized Group
Flakvierling Half-track
Vehicle Survival Package
Construct Panzerarmee Kommand
Assault Grenadier Squad
Assault Mechanized Group
Selects Flammpanzer III Medium Tank
Selects Salvage Kits
Flammpanzer III Medium Tank
Rapid Advance
Selects Panzer Storm
Armored Reserves
Panzergrenadier Squad
Panzer IV Assault Group
Selects Stuka Anti-tank Loiter
Assault Grenadier Squad
Stuka Anti-tank Loiter
KuruKuru
USS_FreeIsrael
Voodoo408
HiddenJoker
Crossea
Blick Winkel
catchitin
0
0
Comments
sign in to comment!
No comments posted yet!